Senators vs Blackhawks

Created - Friday, October 24, 2014 at 23:14

Goals
1 2 3 T
Senators 5 2 2 9
Blackhawks 0 3 2 5
Shots
1 2 3 T
Senators 16 9 9 34
Blackhawks 7 21 16 44

1st period

1. Senators , Kyle Okposo 4 (Justin Schultz, Steve Mason) at 3:44 (PP)
2. Senators , Scott Hartnell 2 (Phil Kessel, Zach Bogosian) at 4:23 (PP)
3. Senators , Scott Hartnell 3 (Johnny Oduya) at 9:31
4. Senators , Kyle Okposo 5 (Fedor Tyutin, Brad Richards) at 17:06 (PP)
5. Senators , Brad Richards 2 (Kyle Okposo) at 19:20 (PP)

Penalties :
Andrew Shaw (Chi) for Tripping (Minor) at 2:33, Mike Santorelli (Chi) for Hooking (Minor) at 3:53, Jan Hejda (Chi) for Roughing (Minor) at 5:58, Jordie Benn (Chi) for Hooking (Minor) at 11:52, Martin Hanzal (Chi) for Hooking (Minor) at 16:54, Dustin Byfuglien (Chi) for Interference (Minor) at 17:43

2nd period

6. Senators , Brad Richards 3 (Justin Schultz, Kyle Okposo) at 4:29 (PP)
7. Senators , Kyle Okposo 6 (Johnny Oduya) at 5:07
8. Blackhawks , Ryan Callahan 4 (Jordie Benn) at 5:39
9. Blackhawks , Torey Krug 1 (Mike Santorelli, Jordie Benn) at 18:43
10. Blackhawks , Andrew Shaw 1 (Justin Braun, Michael Del Zotto) at 19:11

Penalties :
Ryan Callahan (Chi) for Hooking (Minor) at 0:44, David Backes (Chi) for Hooking (Minor) at 4:02, David Backes (Chi) for Diving (Minor) at 6:27, David Clarkson (Ott) for Holding (Minor) at 9:13, Cal Clutterbuck (Chi) for Hooking (Minor) at 11:54, Fedor Tyutin (Ott) for Hooking (Minor) at 16:08

3rd period

11. Blackhawks , Ryan Callahan 5 (PA Parenteau, Martin Hanzal) at 8:14 (PP)
12. Senators , Phil Kessel 4 (Scott Hartnell, Nazem Kadri) at 10:28 (PP)
13. Blackhawks , Jeff Carter 5 (Tyler Toffoli, Brock Nelson) at 12:30
14. Senators , Nazem Kadri 2 (Fedor Tyutin, Phil Kessel) at 15:26

Penalties :
David Backes (Chi) for Hooking (Minor) at 2:58, Alex Petrovic (Ott) for Hooking (Minor) at 6:49, Cal Clutterbuck (Chi) for High sticking (Minor) at 10:01, Alex Petrovic (Ott) for Charging (Minor) at 18:49

Goalie Stats

Steve Mason (Ott), 39 saves from 44 shots - (0.886), W, 5-3-0, 60:00 minutes
Craig Anderson (Chi), 16 saves from 21 shots - (0.762), L, 0-2-0, 42:54 minutes
Anton Khudobin (Chi), 9 saves from 13 shots - (0.692), 17:06 minutes

Players Stats for Senators

Player Name              G  A  P  +/- PIM S  H  SB GA TA FO     MP     PP MP  PK MP  
------------------------------------------------------------------------------------
Alex Petrovic            0  0  0   0  4   2  0  1  0  1  0/0     9:49   0:00   0:00 
Brad Richards            2  1  3  -1  0   6  1  0  2  1  11/19  19:23   7:42   0:00 
Colin Greening           0  0  0   0  0   0  0  0  0  0  0/1    11:47   0:00   5:34 
Connor Murphy            0  0  0   0  0   1  0  2  0  0  0/0    11:08   0:00   1:17 
David Clarkson           0  0  0   0  2   1  0  0  1  0  0/1     7:03   0:00   0:37 
Fedor Tyutin             0  2  2  -1  2   4  2  0  1  1  0/0    27:52   8:36   4:09 
Johnny Oduya             0  2  2   0  0   0  0  3  0  1  0/0    21:09   7:42   1:17 
Justin Schultz           0  2  2   0  0   1  0  0  1  1  0/0    21:13   7:42   1:07 
Kyle Chipchura           0  0  0   0  0   0  1  0  0  0  4/5     6:46   0:00   0:37 
Kyle Clifford            0  0  0   0  0   0  0  0  1  0  0/1     8:14   0:00   0:00 
Kyle Okposo              3  2  5  -1  0   7  3  1  1  0  1/3    19:23   7:42   0:00 
Nazem Kadri              1  1  2   0  0   1  2  0  3  1  15/29  24:29   8:36   5:06 
Phil Kessel              1  2  3   0  0   4  0  1  3  0  0/1    19:23   8:36   0:00 
Ray Whitney              0  0  0  -1  0   0  4  0  0  0  0/0    19:23   7:42   0:00 
Reilly Smith             0  0  0   0  0   1  1  0  2  0  0/1     9:44   0:00   1:12 
Scott Gomez              0  0  0   0  0   2  0  2  0  0  3/7     8:14   0:00   0:00 
Scott Hartnell           2  1  3   0  0   2  6  0  2  0  0/0    19:23   8:36   0:00 
Zach Bogosian            0  1  1  -1  0   2  2  1  0  1  0/0    29:00   8:36   5:16 

Players Stats for Blackhawks

Player Name              G  A  P  +/- PIM S  H  SB GA TA FO     MP     PP MP  PK MP  
------------------------------------------------------------------------------------
Andrew Shaw              1  0  1   0  2   4  0  1  1  0  0/2     7:48   0:00   0:00 
Brock Nelson             0  1  1   1  0   2  0  0  0  0  0/1     7:28   0:00   0:00 
Brooks Laich             0  0  0   0  0   1  1  2  0  1  0/2    16:41   0:00   8:30 
Cal Clutterbuck          0  0  0   1  4   0  0  0  0  0  0/0     9:49   0:00   0:00 
Curtis Glencross         0  0  0  -1  0   4  3  0  2  0  0/1    14:35   3:40   0:00 
David Backes             0  0  0  -1  6   0  1  1  2  0  9/19   16:07   3:40   0:59 
Dustin Byfuglien         0  0  0   0  2   1  2  0  0  0  0/0    24:22   3:55   7:24 
Jan Hejda                0  0  0   0  2   2  3  3  0  1  0/0    20:23   0:00   7:44 
Jeff Carter              1  0  1   1  0   6  1  0  2  0  4/4    11:20   3:40   0:00 
Jordie Benn              0  2  2   1  2   5  1  4  0  2  0/0    22:15   0:00   8:04 
Justin Braun             0  1  1   0  0   1  0  3  0  3  0/0    23:49   2:38   9:24 
Martin Hanzal            0  1  1   1  2   2  2  0  1  0  12/18  21:52   2:53   8:20 
Michael Del Zotto        0  1  1   0  0   1  1  0  0  2  0/0    12:31   2:38   0:00 
Mike Santorelli          0  1  1   0  2   5  2  0  1  2  9/19   15:46   0:00   7:41 
PA Parenteau             0  1  1  -1  0   1  0  0  0  0  0/1    13:36   2:53   0:00 
Ryan Callahan            2  0  2   1  2   3  2  1  3  0  0/1    20:38   2:53   7:06 
Torey Krug               1  0  1   1  0   5  0  0  0  0  0/0    17:02   3:55   0:00 
Tyler Toffoli            0  1  1   1  0   1  0  0  0  0  0/0     7:28   0:00   0:00 

3 Stars

1 - Kyle Okposo (Ott)
2 - Scott Hartnell (Ott)
3 - Brad Richards (Ott)

Power Play

Senators - 6 on 12 Attempt(s) - 50.00%
Blackhawks - 1 on 4 Attempt(s) - 25.00%

Penalty Kill

Senators - 3 on 4 Attempt(s) - 75.00% - Score 0 goal in Penalty Kill
Blackhawks - 6 on 12 Attempt(s) - 50.00% - Score 0 goal in Penalty Kill

Official

Referees : Unknown
Linesman : Unknown

Game Notes

Craig Anderson enters game at 17:06 of 1st period
Kyle Okposo has scored a Hat Trick!

Finance

Level 1 -- Attendance: 4338 (72.30%) -- Ticket Income $390,420
Level 2 -- Attendance: 4383 (87.66%) -- Ticket Income $241,065
Level 3 -- Attendance: 1775 (88.75%) -- Ticket Income $56,800
Level 4 -- Attendance: 3057 (76.43%) -- Ticket Income $61,140
Luxury Box -- Attendance: 939 (93.90%) -- Ticket Income $169,020
Game was played at the United Center
Total Attendance: 14492 (80.51%)
Total Ticket Income: $918,445
Other Income: $450,038
Total Income: $1,368,483

Senators

5 vs 5 Forward 
   Center                   Left Wing                Right Wing               Time % Phy DF OF 
 1 Nazem Kadri              Scott Hartnell           Phil Kessel              35     1   1  3  
 2 Brad Richards            Ray Whitney              Kyle Okposo              30     1   1  3  
 3 Scott Gomez              Kyle Clifford            Reilly Smith             22     1   2  2  
 4 Kyle Chipchura           Colin Greening           David Clarkson           13     1   2  2  

5 vs 5 Defense 
   Defense                  Defense                                           Time % Phy DF OF 
 1 Fedor Tyutin             Zach Bogosian                                     35     1   2  2  
 2 Johnny Oduya             Justin Schultz                                    30     1   2  2  
 3 Connor Murphy            Alex Petrovic                                     22     1   2  2  
 4 Fedor Tyutin             Zach Bogosian                                     13     1   2  2  

PowerPlay Forward 
   Center                   Left Wing                Right Wing               Time % Phy DF OF 
 1 Nazem Kadri              Scott Hartnell           Phil Kessel              60     0   0  5  
 2 Brad Richards            Ray Whitney              Kyle Okposo              40     0   1  4  

PowerPlay Defense
   Defense                  Defense                                           Time % Phy DF OF 
 1 Fedor Tyutin             Zach Bogosian                                     60     1   1  3  
 2 Johnny Oduya             Justin Schultz                                    40     1   1  3  

Penalty Kill 4 Players Forward 
   Center                   Wing                     Time % Phy DF OF 
 1 Nazem Kadri              Colin Greening           60     1   3  1  
 2 Kyle Chipchura           David Clarkson           40     1   3  1  

Penalty Kill 4 Players Defense
   Defense                  Defense                  Time % Phy DF OF 
 1 Fedor Tyutin             Zach Bogosian            60     1   4  0  
 2 Johnny Oduya             Connor Murphy            40     1   4  0  

Penalty Kill - 3 Players Forward 
   Forward                                           Time % Phy DF OF 
 1 Kyle Chipchura                                    60     1   4  0  
 2 Nazem Kadri                                       40     1   4  0  

Penalty Kill - 3 Players Defense
   Defense                  Defense                  Time % Phy DF OF 
 1 Fedor Tyutin             Zach Bogosian            60     1   4  0  
 2 Johnny Oduya             Connor Murphy            40     1   4  0  

4 vs 4 Forward 
   Center                   Wing                     Time % Phy DF OF 
 1 Nazem Kadri              Phil Kessel              60     1   1  3  
 2 Brad Richards            Kyle Okposo              40     1   1  3  

4 vs 4 Defense
   Defense                  Defense                  Time % Phy DF OF 
 1 Fedor Tyutin             Zach Bogosian            60     1   2  2  
 2 Johnny Oduya             Justin Schultz           40     1   2  2  

Last Minutes Offensive
   Center                   Left Wing                Right Wing               Defense                  Defense                  
   Nazem Kadri              Scott Hartnell           Phil Kessel              Fedor Tyutin             Zach Bogosian            

Last Minutes Defensive
   Center                   Left Wing                Right Wing               Defense                  Defense                  
   Nazem Kadri              Scott Hartnell           Phil Kessel              Fedor Tyutin             Zach Bogosian            

Goaltenders
Starting : Steve Mason              
Backup : James Reimer             

Extra Forwards
Normal : Nazem Kadri, Colin Greening, Reilly Smith - PP : Nazem Kadri, Colin Greening - PK : Reilly Smith
Extra Defensemen
Normal : Justin Schultz, Zach Bogosian, Johnny Oduya - PP : Justin Schultz - PK : Justin Schultz, Johnny Oduya
Penalty Shots
Nazem Kadri, Phil Kessel, Kyle Okposo, Brad Richards, Scott Hartnell

Blackhawks

5 vs 5 Forward 
   Center                   Left Wing                Right Wing               Time % Phy DF OF 
 1 David Backes             Curtis Glencross         PA Parenteau             30     1   2  2  
 2 Jeff Carter              Brock Nelson             Tyler Toffoli            25     0   2  3  
 3 Martin Hanzal            Cal Clutterbuck          Ryan Callahan            25     1   2  2  
 4 Mike Santorelli          Brooks Laich             Andrew Shaw              20     0   3  2  

5 vs 5 Defense 
   Defense                  Defense                                           Time % Phy DF OF 
 1 Michael Del Zotto        Justin Braun                                      30     1   2  2  
 2 Jan Hejda                Dustin Byfuglien                                  30     1   2  2  
 3 Torey Krug               Jordie Benn                                       30     1   2  2  
 4 Jan Hejda                Dustin Byfuglien                                  10     1   2  2  

PowerPlay Forward 
   Center                   Left Wing                Right Wing               Time % Phy DF OF 
 1 David Backes             Curtis Glencross         Jeff Carter              55     0   1  4  
 2 Martin Hanzal            PA Parenteau             Ryan Callahan            45     0   1  4  

PowerPlay Defense
   Defense                  Defense                                           Time % Phy DF OF 
 1 Torey Krug               Dustin Byfuglien                                  55     0   2  3  
 2 Michael Del Zotto        Justin Braun                                      45     0   2  3  

Penalty Kill 4 Players Forward 
   Center                   Wing                     Time % Phy DF OF 
 1 Mike Santorelli          Brooks Laich             50     1   3  1  
 2 Martin Hanzal            Ryan Callahan            50     1   3  1  

Penalty Kill 4 Players Defense
   Defense                  Defense                  Time % Phy DF OF 
 1 Jordie Benn              Justin Braun             50     2   3  0  
 2 Jan Hejda                Dustin Byfuglien         50     2   3  0  

Penalty Kill - 3 Players Forward 
   Forward                                           Time % Phy DF OF 
 1 Brooks Laich                                      50     1   4  0  
 2 Mike Santorelli                                   50     1   4  0  

Penalty Kill - 3 Players Defense
   Defense                  Defense                  Time % Phy DF OF 
 1 Jan Hejda                Dustin Byfuglien         50     1   4  0  
 2 Jordie Benn              Justin Braun             50     1   4  0  

4 vs 4 Forward 
   Center                   Wing                     Time % Phy DF OF 
 1 David Backes             Jeff Carter              50     0   2  3  
 2 Martin Hanzal            Curtis Glencross         50     0   2  3  

4 vs 4 Defense
   Defense                  Defense                  Time % Phy DF OF 
 1 Jan Hejda                Dustin Byfuglien         50     1   2  2  
 2 Torey Krug               Jordie Benn              50     1   2  2  

Last Minutes Offensive
   Center                   Left Wing                Right Wing               Defense                  Defense                  
   David Backes             Curtis Glencross         Jeff Carter              Torey Krug               Dustin Byfuglien         

Last Minutes Defensive
   Center                   Left Wing                Right Wing               Defense                  Defense                  
   David Backes             Brooks Laich             Ryan Callahan            Jan Hejda                Justin Braun             

Goaltenders
Starting : Anton Khudobin           
Backup : Craig Anderson           

Extra Forwards
Normal : Jeff Carter, Martin Hanzal, Mike Santorelli - PP : Andrew Shaw, Martin Hanzal - PK : David Backes
Extra Defensemen
Normal : Dustin Byfuglien, Torey Krug, Michael Del Zotto - PP : Dustin Byfuglien - PK : Justin Braun, Jan Hejda
Penalty Shots
Brooks Laich, PA Parenteau, Jeff Carter, Ryan Callahan, Mike Santorelli

% Time on Ice - Senators

Lines # - Real PCT - Wanted PCT - Time Play
Normal Forward
1 - 30% - 35% - 11:05
2 - 32% - 30% - 11:55
3 - 22% - 22% - 8:14
4 - 16% - 13% - 5:55
Normal Defense
1 - 38% - 35% - 14:08
2 - 33% - 30% - 12:10
3 - 27% - 22% - 9:51
4 - 3% - 13% - 1:00
PP Forward
1 - 53% - 60% - 8:36
2 - 47% - 40% - 7:42
PP Defense
1 - 53% - 60% - 8:36
2 - 47% - 40% - 7:42
PK Forward
1 - 91% - 60% - 5:56
2 - 9% - 40% - 0:37
PK Defense
1 - 80% - 60% - 5:16
2 - 20% - 40% - 1:17
PK3 Forward
1 - 0% - 60%
2 - 0% - 40%
PK3 Defense
1 - 0% - 60%
2 - 0% - 40%
44 Forward
1 - 0% - 60%
2 - 0% - 40%
44 Defense
1 - 0% - 60%
2 - 0% - 40%
Last Minute Offensive  - 0:00
Last Minute Defensive  - 0:00
Total
Forward - 60:00
Defense - 60:00

% Time on Ice - Blackhawks

Lines # - Real PCT - Wanted PCT - Time Play
Normal Forward
1 - 30% - 30% - 11:12
2 - 26% - 25% - 9:39
3 - 23% - 25% - 8:29
4 - 21% - 20% - 7:49
Normal Defense
1 - 33% - 30% - 12:20
2 - 31% - 30% - 11:35
3 - 33% - 30% - 12:26
4 - 2% - 10% - 0:48
PP Forward
1 - 56% - 55% - 3:40
2 - 44% - 45% - 2:53
PP Defense
1 - 60% - 55% - 3:55
2 - 40% - 45% - 2:38
PK Forward
1 - 49% - 50% - 7:58
2 - 51% - 50% - 8:20
PK Defense
1 - 55% - 50% - 8:54
2 - 45% - 50% - 7:24
PK3 Forward
1 - 0% - 50%
2 - 0% - 50%
PK3 Defense
1 - 0% - 50%
2 - 0% - 50%
44 Forward
1 - 0% - 50%
2 - 0% - 50%
44 Defense
1 - 0% - 50%
2 - 0% - 50%
Last Minute Offensive  - 0:00
Last Minute Defensive  - 0:00
Total
Forward - 60:00
Defense - 60:00

Play by Play

1st period


0:01 of 1st period - David Backes wins face-off versus Nazem Kadri in neutral zone.
0:11 of 1st period - Off-side.
0:12 of 1st period - Nazem Kadri wins face-off versus David Backes in neutral zone.
1:20 of 1st period - Justin Schultz is hit by Michael Del Zotto and loses puck.
2:13 of 1st period - Ryan Callahan is hit by Reilly Smith and loses puck.
2:24 of 1st period - Slapshot by Colin Greening.
2:24 of 1st period - Shot Hit the Post.
2:26 of 1st period - Slapshot by Connor Murphy.
2:26 of 1st period - Stopped by Anton Khudobin without a rebound.
2:27 of 1st period - Kyle Chipchura wins face-off versus Andrew Shaw in Blackhawks zone.
2:33 of 1st period - Minor Penalty to Andrew Shaw for Tripping.
2:34 of 1st period - Nazem Kadri wins face-off versus Mike Santorelli in Blackhawks zone.
3:18 of 1st period - Jan Hejda is hit by Scott Hartnell and loses puck.
3:29 of 1st period - Dustin Byfuglien is hit by Zach Bogosian and loses puck.
3:44 of 1st period - Wrist shot by Kyle Okposo.
3:44 of 1st period - Goal by Kyle Okposo - Senators : 1 - Blackhawks : 0.
3:45 of 1st period - Brad Richards wins face-off versus Mike Santorelli in neutral zone.
3:53 of 1st period - Minor Penalty to Mike Santorelli for Hooking.
3:54 of 1st period - Martin Hanzal wins face-off versus Nazem Kadri in Blackhawks zone.
4:23 of 1st period - Slapshot by Scott Hartnell.
4:23 of 1st period - Goal by Scott Hartnell - Senators : 2 - Blackhawks : 0.
4:24 of 1st period - Mike Santorelli wins face-off versus Brad Richards in neutral zone.
4:41 of 1st period - Snap shot by Brad Richards.
4:41 of 1st period - Stopped by Anton Khudobin without a rebound.
4:42 of 1st period - Mike Santorelli wins face-off versus Brad Richards in Blackhawks zone.
4:46 of 1st period - Off-side.
4:47 of 1st period - David Backes wins face-off versus Nazem Kadri in neutral zone.
4:52 of 1st period - Wrist shot by Curtis Glencross.
4:52 of 1st period - Stopped by Steve Mason without a rebound.
4:53 of 1st period - Nazem Kadri wins face-off versus David Backes in Senators zone.
5:15 of 1st period - Icing by Phil Kessel.
5:16 of 1st period - Nazem Kadri wins face-off versus Brock Nelson in Senators zone.
5:21 of 1st period - Snap shot by Scott Hartnell.
5:21 of 1st period - Shot Misses the Net.
5:23 of 1st period - Slapshot by Zach Bogosian.
5:23 of 1st period - Deflect By Phil Kessel.
5:23 of 1st period - Shot Blocked by Jan Hejda.
5:23 of 1st period - Puck is out of play.
5:24 of 1st period - Jeff Carter wins face-off versus Scott Gomez in Blackhawks zone.
5:33 of 1st period - Backhand shot by Tyler Toffoli.
5:33 of 1st period - Shot Misses the Net.
5:58 of 1st period - Minor Penalty to Jan Hejda for Roughing.
5:59 of 1st period - Nazem Kadri wins face-off versus Martin Hanzal in Blackhawks zone.
6:20 of 1st period - Wrist shot by Nazem Kadri.
6:20 of 1st period - Shot Blocked by Jordie Benn.
7:01 of 1st period - Jordie Benn is hit by Ray Whitney and loses puck.
7:12 of 1st period - Snap shot by Kyle Okposo.
7:12 of 1st period - Shot Misses the Net.
7:14 of 1st period - Slapshot by Kyle Okposo.
7:14 of 1st period - Shot Misses the Net.
7:16 of 1st period - Slapshot by Fedor Tyutin.
7:16 of 1st period - Stopped by Anton Khudobin with a rebound.
7:18 of 1st period - Slapshot by Fedor Tyutin.
7:18 of 1st period - Shot Misses the Net.
7:40 of 1st period - Mike Santorelli is hit by Scott Hartnell and loses puck.
7:58 of 1st period - Penalty to Jan Hejda is over, Jan Hejda is back on ice.
8:20 of 1st period - Slapshot by Torey Krug.
8:20 of 1st period - Shot Blocked by Connor Murphy.
8:23 of 1st period - Icing by Colin Greening.
8:24 of 1st period - David Backes wins face-off versus Kyle Chipchura in Senators zone.
8:38 of 1st period - Icing by Jordie Benn.
8:39 of 1st period - David Backes wins face-off versus Scott Gomez in Blackhawks zone.
8:59 of 1st period - Slapshot by Scott Gomez.
8:59 of 1st period - Shot Misses the Net.
9:01 of 1st period - Wrist shot by Justin Schultz.
9:01 of 1st period - Deflect By Scott Gomez.
9:01 of 1st period - Stopped by Anton Khudobin without a rebound.
9:02 of 1st period - Nazem Kadri wins face-off versus Mike Santorelli in Blackhawks zone.
9:31 of 1st period - Wrist shot by Scott Hartnell.
9:31 of 1st period - Goal by Scott Hartnell - Senators : 3 - Blackhawks : 0.
9:32 of 1st period - Brad Richards wins face-off versus Martin Hanzal in neutral zone.
10:07 of 1st period - Cal Clutterbuck is hit by Brad Richards and loses puck.
10:28 of 1st period - Dustin Byfuglien is hit by Nazem Kadri and loses puck.
10:35 of 1st period - Fedor Tyutin is hit by Brooks Laich and loses puck.
10:42 of 1st period - Snap shot by Andrew Shaw.
10:42 of 1st period - Shot Misses the Net.
10:58 of 1st period - Snap shot by Mike Santorelli.
10:58 of 1st period - Stopped by Steve Mason with a rebound.
11:22 of 1st period - Reilly Smith is hit by Jeff Carter and loses puck.
11:46 of 1st period - Wrist shot by Reilly Smith.
11:46 of 1st period - Shot Misses the Net.
11:52 of 1st period - Minor Penalty to Jordie Benn for Hooking.
11:53 of 1st period - Brad Richards wins face-off versus Martin Hanzal in Blackhawks zone.
12:25 of 1st period - Off-side.
12:26 of 1st period - Nazem Kadri wins face-off versus Mike Santorelli in neutral zone.
13:10 of 1st period - Justin Schultz is hit by Mike Santorelli.
13:40 of 1st period - Fedor Tyutin is hit by Martin Hanzal and loses puck.
13:52 of 1st period - Penalty to Jordie Benn is over, Jordie Benn is back on ice.
14:06 of 1st period - Icing by Johnny Oduya.
14:07 of 1st period - David Backes wins face-off versus Colin Greening in Senators zone.
15:05 of 1st period - Snap shot by Andrew Shaw.
15:05 of 1st period - Stopped by Steve Mason without a rebound.
15:06 of 1st period - Mike Santorelli wins face-off versus Brad Richards in Senators zone.
15:21 of 1st period - Mike Santorelli is hit by Ray Whitney and loses puck.
15:28 of 1st period - Snap shot by Kyle Okposo.
15:28 of 1st period - Stopped by Anton Khudobin with a rebound.
15:30 of 1st period - Wrist shot by Brad Richards.
15:30 of 1st period - Shot Misses the Net.
15:32 of 1st period - Slapshot by Alex Petrovic.
15:32 of 1st period - Shot Blocked by Brooks Laich.
15:34 of 1st period - Slapshot by Alex Petrovic.
15:34 of 1st period - Stopped by Anton Khudobin with a rebound.
15:36 of 1st period - Slapshot by Alex Petrovic.
15:36 of 1st period - Stopped by Anton Khudobin with a rebound.
15:38 of 1st period - Snap shot by Kyle Okposo.
15:38 of 1st period - Shot Misses the Net.
15:40 of 1st period - Wrist shot by Brad Richards.
15:40 of 1st period - Shot Misses the Net.
15:42 of 1st period - Snap shot by Connor Murphy.
15:42 of 1st period - Shot Blocked by Justin Braun.
15:44 of 1st period - Wrist shot by Kyle Okposo.
15:44 of 1st period - Shot Blocked by Brooks Laich.
16:06 of 1st period - Snap shot by Brock Nelson.
16:06 of 1st period - Deflect By Jeff Carter.
16:06 of 1st period - Stopped by Steve Mason with a rebound.
16:08 of 1st period - Slapshot by Jordie Benn.
16:08 of 1st period - Deflect By Reilly Smith.
16:08 of 1st period - Stopped by Steve Mason with a rebound.
16:10 of 1st period - Wrist shot by Brock Nelson.
16:10 of 1st period - Stopped by Steve Mason without a rebound.
16:11 of 1st period - Jeff Carter wins face-off versus Nazem Kadri in Senators zone.
16:40 of 1st period - Snap shot by Jeff Carter.
16:40 of 1st period - Stopped by Steve Mason with a rebound.
16:54 of 1st period - Minor Penalty to Martin Hanzal for Hooking.
16:55 of 1st period - Brad Richards wins face-off versus Mike Santorelli in Blackhawks zone.
17:02 of 1st period - Snap shot by Brad Richards.
17:02 of 1st period - Stopped by Anton Khudobin with a rebound.
17:04 of 1st period - Slapshot by Fedor Tyutin.
17:04 of 1st period - Stopped by Anton Khudobin with a rebound.
17:06 of 1st period - Slapshot by Kyle Okposo.
17:06 of 1st period - Goal by Kyle Okposo - Senators : 4 - Blackhawks : 0.
17:06 of 1st period - Craig Anderson enters game.
17:07 of 1st period - Martin Hanzal wins face-off versus Nazem Kadri in neutral zone.
17:43 of 1st period - Minor Penalty to Dustin Byfuglien for Interference.
17:44 of 1st period - Mike Santorelli wins face-off versus Brad Richards in Blackhawks zone.
18:16 of 1st period - Slapshot by Kyle Okposo.
18:16 of 1st period - Stopped by Craig Anderson with a rebound.
18:18 of 1st period - Slapshot by Zach Bogosian.
18:18 of 1st period - Stopped by Craig Anderson with a rebound.
18:20 of 1st period - Slapshot by Zach Bogosian.
18:20 of 1st period - Shot Blocked by Justin Braun.
19:20 of 1st period - Snap shot by Brad Richards.
19:20 of 1st period - Goal by Brad Richards - Senators : 5 - Blackhawks : 0.
19:21 of 1st period - Scott Gomez wins face-off versus David Backes in neutral zone.
19:38 of 1st period - Snap shot by Curtis Glencross.
19:38 of 1st period - Shot Blocked by Scott Gomez.
Goals for this period are 5 for Senators vs 0 for Blackhawks.
Shots for this period are 16 for Senators vs 7 for Blackhawks.

2nd period


0:01 of 2nd period - Brad Richards wins face-off versus Martin Hanzal in neutral zone.
0:44 of 2nd period - Minor Penalty to Ryan Callahan for Hooking.
0:45 of 2nd period - Nazem Kadri wins face-off versus Mike Santorelli in Blackhawks zone.
1:10 of 2nd period - Slapshot by Nazem Kadri.
1:10 of 2nd period - Shot Misses the Net.
1:12 of 2nd period - Slapshot by Johnny Oduya.
1:12 of 2nd period - Shot Blocked by Jan Hejda.
1:40 of 2nd period - Dustin Byfuglien is hit by Kyle Okposo.
1:50 of 2nd period - Jordie Benn is hit by Ray Whitney and loses puck.
2:44 of 2nd period - Penalty to Ryan Callahan is over, Ryan Callahan is back on ice.
3:17 of 2nd period - Jan Hejda is hit by Zach Bogosian and loses puck.
3:42 of 2nd period - Backhand shot by Kyle Clifford.
3:42 of 2nd period - Shot Misses the Net.
3:44 of 2nd period - Snap shot by Scott Gomez.
3:44 of 2nd period - Stopped by Craig Anderson without a rebound.
3:45 of 2nd period - David Backes wins face-off versus David Clarkson in Blackhawks zone.
3:56 of 2nd period - Torey Krug is hit by Kyle Chipchura and loses puck.
4:02 of 2nd period - Minor Penalty to David Backes for Hooking.
4:03 of 2nd period - Brad Richards wins face-off versus Mike Santorelli in Blackhawks zone.
4:07 of 2nd period - Wrist shot by Brad Richards.
4:07 of 2nd period - Stopped by Craig Anderson without a rebound.
4:08 of 2nd period - Brad Richards wins face-off versus Mike Santorelli in Blackhawks zone.
4:25 of 2nd period - Snap shot by Kyle Okposo.
4:25 of 2nd period - Stopped by Craig Anderson with a rebound.
4:27 of 2nd period - Slapshot by Justin Schultz.
4:27 of 2nd period - Shot Misses the Net.
4:29 of 2nd period - Snap shot by Brad Richards.
4:29 of 2nd period - Goal by Brad Richards - Senators : 6 - Blackhawks : 0.
4:30 of 2nd period - Brad Richards wins face-off versus David Backes in neutral zone.
4:41 of 2nd period - Snap shot by Kyle Okposo.
4:41 of 2nd period - Shot Misses the Net.
4:43 of 2nd period - Wrist shot by Kyle Okposo.
4:43 of 2nd period - Shot Misses the Net.
4:45 of 2nd period - Slapshot by Justin Schultz.
4:45 of 2nd period - Shot Blocked by Justin Braun.
5:07 of 2nd period - Snap shot by Kyle Okposo.
5:07 of 2nd period - Goal by Kyle Okposo - Senators : 7 - Blackhawks : 0.
5:08 of 2nd period - Nazem Kadri wins face-off versus Ryan Callahan in neutral zone.
5:39 of 2nd period - Backhand shot by Ryan Callahan.
5:39 of 2nd period - Goal by Ryan Callahan - Senators : 7 - Blackhawks : 1.
5:40 of 2nd period - Brad Richards wins face-off versus PA Parenteau in neutral zone.
5:43 of 2nd period - Wrist shot by Kyle Okposo.
5:43 of 2nd period - Deflect By Ray Whitney.
5:43 of 2nd period - Shot Blocked by David Backes.
5:43 of 2nd period - Puck is out of play.
5:44 of 2nd period - Brad Richards wins face-off versus David Backes in Blackhawks zone.
6:27 of 2nd period - Minor Penalty to David Backes for Diving.
6:28 of 2nd period - Martin Hanzal wins face-off versus Nazem Kadri in Blackhawks zone.
6:44 of 2nd period - Justin Braun is hit by Scott Hartnell and loses puck.
7:19 of 2nd period - Jordie Benn is hit by Fedor Tyutin and loses puck.
8:17 of 2nd period - Dustin Byfuglien is hit by Kyle Okposo and loses puck.
8:27 of 2nd period - Penalty to David Backes is over, David Backes is back on ice.
8:56 of 2nd period - Wrist shot by Tyler Toffoli.
8:56 of 2nd period - Stopped by Steve Mason without a rebound.
8:57 of 2nd period - Jeff Carter wins face-off versus Reilly Smith in Senators zone.
9:06 of 2nd period - Snap shot by Jeff Carter.
9:06 of 2nd period - Shot Misses the Net.
9:08 of 2nd period - Snap shot by Jordie Benn.
9:08 of 2nd period - Shot Blocked by Connor Murphy.
9:10 of 2nd period - Snap shot by Jordie Benn.
9:10 of 2nd period - Stopped by Steve Mason without a rebound.
9:11 of 2nd period - Kyle Chipchura wins face-off versus David Backes in Senators zone.
9:13 of 2nd period - Minor Penalty to David Clarkson for Holding.
9:14 of 2nd period - Nazem Kadri wins face-off versus David Backes in Senators zone.
9:28 of 2nd period - Wrist shot by Curtis Glencross.
9:28 of 2nd period - Stopped by Steve Mason with a rebound.
9:30 of 2nd period - Wrist shot by Torey Krug.
9:30 of 2nd period - Stopped by Steve Mason without a rebound.
9:31 of 2nd period - Nazem Kadri wins face-off versus Curtis Glencross in Senators zone.
9:48 of 2nd period - Wrist shot by David Backes.
9:48 of 2nd period - Deflect By Curtis Glencross.
9:48 of 2nd period - Stopped by Steve Mason with a rebound.
9:50 of 2nd period - Slapshot by Jeff Carter.
9:50 of 2nd period - Stopped by Steve Mason with a rebound.
9:52 of 2nd period - Slapshot by Torey Krug.
9:52 of 2nd period - Stopped by Steve Mason without a rebound.
9:53 of 2nd period - Martin Hanzal wins face-off versus Nazem Kadri in Senators zone.
10:06 of 2nd period - Wrist shot by Martin Hanzal.
10:06 of 2nd period - Stopped by Steve Mason with a rebound.
10:08 of 2nd period - Slapshot by Justin Braun.
10:08 of 2nd period - Shot Misses the Net.
10:10 of 2nd period - Wrist shot by Martin Hanzal.
10:10 of 2nd period - Stopped by Steve Mason without a rebound.
10:11 of 2nd period - Nazem Kadri wins face-off versus Martin Hanzal in Senators zone.
10:11 of 2nd period - Nazem Kadri is hit by Martin Hanzal.
10:31 of 2nd period - Snap shot by Ryan Callahan.
10:31 of 2nd period - Stopped by Steve Mason with a rebound.
11:00 of 2nd period - Fedor Tyutin is hit by Curtis Glencross and loses puck.
11:13 of 2nd period - Penalty to David Clarkson is over, David Clarkson is back on ice.
11:36 of 2nd period - Off-side.
11:37 of 2nd period - Kyle Okposo wins face-off versus Andrew Shaw in neutral zone.
11:46 of 2nd period - Snap shot by Kyle Okposo.
11:46 of 2nd period - Shot Misses the Net.
11:48 of 2nd period - Slapshot by Johnny Oduya.
11:48 of 2nd period - Shot Blocked by Jordie Benn.
11:50 of 2nd period - Snap shot by Kyle Okposo.
11:50 of 2nd period - Stopped by Craig Anderson without a rebound.
11:51 of 2nd period - Martin Hanzal wins face-off versus Kyle Okposo in Blackhawks zone.
11:51 of 2nd period - Martin Hanzal is hit by Kyle Okposo.
11:54 of 2nd period - Minor Penalty to Cal Clutterbuck for Hooking.
11:55 of 2nd period - Martin Hanzal wins face-off versus Brad Richards in Blackhawks zone.
12:49 of 2nd period - Jan Hejda is hit by Scott Hartnell.
13:21 of 2nd period - Justin Braun is hit by Fedor Tyutin and loses puck.
13:54 of 2nd period - Penalty to Cal Clutterbuck is over, Cal Clutterbuck is back on ice.
14:24 of 2nd period - Wrist shot by Reilly Smith.
14:24 of 2nd period - Stopped by Craig Anderson with a rebound.
14:26 of 2nd period - Slapshot by Connor Murphy.
14:26 of 2nd period - Shot Blocked by Jordie Benn.
14:28 of 2nd period - Slapshot by Alex Petrovic.
14:28 of 2nd period - Shot Misses the Net.
14:30 of 2nd period - Wrist shot by Reilly Smith.
14:30 of 2nd period - Shot Misses the Net.
14:44 of 2nd period - Slapshot by Justin Schultz.
14:44 of 2nd period - Stopped by Craig Anderson with a rebound.
14:54 of 2nd period - Slapshot by David Clarkson.
14:54 of 2nd period - Shot Blocked by Ryan Callahan.
14:56 of 2nd period - Slapshot by Justin Schultz.
14:56 of 2nd period - Shot Misses the Net.
15:00 of 2nd period - Snap shot by Kyle Chipchura.
15:00 of 2nd period - Shot Blocked by Jordie Benn.
15:02 of 2nd period - Slapshot by Johnny Oduya.
15:02 of 2nd period - Shot Misses the Net.
15:04 of 2nd period - Wrist shot by David Clarkson.
15:04 of 2nd period - Stopped by Craig Anderson with a rebound.
15:51 of 2nd period - Phil Kessel is hit by David Backes and loses puck.
16:04 of 2nd period - Slapshot by Andrew Shaw.
16:04 of 2nd period - Stopped by Steve Mason without a rebound.
16:05 of 2nd period - Scott Gomez wins face-off versus Mike Santorelli in Senators zone.
16:05 of 2nd period - Scott Gomez is hit by Mike Santorelli.
16:08 of 2nd period - Minor Penalty to Fedor Tyutin for Hooking.
16:09 of 2nd period - David Backes wins face-off versus Nazem Kadri in Senators zone.
16:30 of 2nd period - Slapshot by Torey Krug.
16:30 of 2nd period - Shot Misses the Net.
16:32 of 2nd period - Slapshot by Dustin Byfuglien.
16:32 of 2nd period - Stopped by Steve Mason without a rebound.
16:33 of 2nd period - Nazem Kadri wins face-off versus David Backes in Senators zone.
18:08 of 2nd period - Penalty to Fedor Tyutin is over, Fedor Tyutin is back on ice.
18:21 of 2nd period - Slapshot by Torey Krug.
18:21 of 2nd period - Stopped by Steve Mason without a rebound.
18:22 of 2nd period - Mike Santorelli wins face-off versus Brad Richards in Senators zone.
18:37 of 2nd period - Slapshot by Mike Santorelli.
18:37 of 2nd period - Stopped by Steve Mason with a rebound.
18:39 of 2nd period - Slapshot by Jordie Benn.
18:39 of 2nd period - Stopped by Steve Mason with a rebound.
18:41 of 2nd period - Snap shot by Mike Santorelli.
18:41 of 2nd period - Shot Blocked by Zach Bogosian.
18:43 of 2nd period - Slapshot by Torey Krug.
18:43 of 2nd period - Deflect By Brad Richards.
18:43 of 2nd period - Goal by Torey Krug - Senators : 7 - Blackhawks : 2.
18:44 of 2nd period - Mike Santorelli wins face-off versus Brad Richards in neutral zone.
19:01 of 2nd period - Snap shot by Mike Santorelli.
19:01 of 2nd period - Stopped by Steve Mason with a rebound.
19:03 of 2nd period - Snap shot by Brooks Laich.
19:03 of 2nd period - Shot Misses the Net.
19:05 of 2nd period - Slapshot by Justin Braun.
19:05 of 2nd period - Deflect By Kyle Okposo.
19:05 of 2nd period - Stopped by Steve Mason with a rebound.
19:07 of 2nd period - Snap shot by Andrew Shaw.
19:07 of 2nd period - Shot Blocked by Johnny Oduya.
19:09 of 2nd period - Snap shot by Michael Del Zotto.
19:09 of 2nd period - Stopped by Steve Mason with a rebound.
19:11 of 2nd period - Slapshot by Justin Braun.
19:11 of 2nd period - Deflect By Andrew Shaw.
19:11 of 2nd period - Goal by Andrew Shaw - Senators : 7 - Blackhawks : 3.
19:12 of 2nd period - Martin Hanzal wins face-off versus Nazem Kadri in neutral zone.
19:42 of 2nd period - Cal Clutterbuck is hit by Scott Hartnell and loses puck.
Goals for this period are 2 for Senators vs 3 for Blackhawks.
Shots for this period are 9 for Senators vs 21 for Blackhawks.

3rd period


0:01 of 3rd period - David Backes wins face-off versus Nazem Kadri in neutral zone.
0:18 of 3rd period - Dustin Byfuglien is hit by Scott Hartnell and loses puck.
0:37 of 3rd period - Wrist shot by Phil Kessel.
0:37 of 3rd period - Stopped by Craig Anderson with a rebound.
0:53 of 3rd period - Kyle Okposo is hit by Jan Hejda and loses puck.
1:57 of 3rd period - Snap shot by Jeff Carter.
1:57 of 3rd period - Stopped by Steve Mason without a rebound.
1:58 of 3rd period - Kyle Chipchura wins face-off versus Brooks Laich in Senators zone.
2:15 of 3rd period - Slapshot by Mike Santorelli.
2:15 of 3rd period - Stopped by Steve Mason with a rebound.
2:49 of 3rd period - Justin Braun is hit by Nazem Kadri.
2:58 of 3rd period - Minor Penalty to David Backes for Hooking.
2:59 of 3rd period - Martin Hanzal wins face-off versus Nazem Kadri in Blackhawks zone.
3:52 of 3rd period - Martin Hanzal is hit by Ray Whitney and loses puck.
3:57 of 3rd period - Slapshot by Kyle Okposo.
3:57 of 3rd period - Shot Misses the Net.
3:59 of 3rd period - Snap shot by Zach Bogosian.
3:59 of 3rd period - Shot Misses the Net.
4:01 of 3rd period - Snap shot by Zach Bogosian.
4:01 of 3rd period - Shot Blocked by Jan Hejda.
4:11 of 3rd period - Wrist shot by Kyle Okposo.
4:11 of 3rd period - Shot Misses the Net.
4:13 of 3rd period - Backhand shot by Fedor Tyutin.
4:13 of 3rd period - Stopped by Craig Anderson with a rebound.
4:15 of 3rd period - Wrist shot by Brad Richards.
4:15 of 3rd period - Stopped by Craig Anderson with a rebound.
4:17 of 3rd period - Slapshot by Fedor Tyutin.
4:17 of 3rd period - Stopped by Craig Anderson with a rebound.
4:19 of 3rd period - Snap shot by Zach Bogosian.
4:19 of 3rd period - Stopped by Craig Anderson without a rebound.
4:20 of 3rd period - Mike Santorelli wins face-off versus Phil Kessel in Blackhawks zone.
4:39 of 3rd period - Fedor Tyutin is hit by Jordie Benn and loses puck.
4:58 of 3rd period - Penalty to David Backes is over, David Backes is back on ice.
5:25 of 3rd period - Wrist shot by Torey Krug.
5:25 of 3rd period - Stopped by Steve Mason without a rebound.
5:26 of 3rd period - Jeff Carter wins face-off versus Kyle Clifford in Senators zone.
5:57 of 3rd period - Snap shot by Jeff Carter.
5:57 of 3rd period - Shot Misses the Net.
6:39 of 3rd period - Snap shot by PA Parenteau.
6:39 of 3rd period - Stopped by Steve Mason with a rebound.
6:41 of 3rd period - Slapshot by Jan Hejda.
6:41 of 3rd period - Stopped by Steve Mason with a rebound.
6:43 of 3rd period - Slapshot by Jan Hejda.
6:43 of 3rd period - Shot Hit the Post.
6:49 of 3rd period - Minor Penalty to Alex Petrovic for Hooking.
6:50 of 3rd period - Martin Hanzal wins face-off versus Nazem Kadri in Senators zone.
7:42 of 3rd period - Fedor Tyutin is hit by Curtis Glencross and loses puck.
7:49 of 3rd period - Wrist shot by Jeff Carter.
7:49 of 3rd period - Deflect By David Backes.
7:49 of 3rd period - Shot Misses the Net.
7:49 of 3rd period - Puck is out of play.
7:50 of 3rd period - Nazem Kadri wins face-off versus Martin Hanzal in Senators zone.
7:56 of 3rd period - Icing by Michael Del Zotto.
7:57 of 3rd period - Martin Hanzal wins face-off versus Nazem Kadri in Blackhawks zone.
8:14 of 3rd period - Slapshot by Ryan Callahan.
8:14 of 3rd period - Goal by Ryan Callahan - Senators : 7 - Blackhawks : 4.
8:15 of 3rd period - Mike Santorelli wins face-off versus Kyle Okposo in neutral zone.
8:30 of 3rd period - Slapshot by Andrew Shaw.
8:30 of 3rd period - Shot Misses the Net.
8:32 of 3rd period - Backhand shot by Jan Hejda.
8:32 of 3rd period - Shot Blocked by Johnny Oduya.
8:34 of 3rd period - Slapshot by Brooks Laich.
8:34 of 3rd period - Stopped by Steve Mason with a rebound.
8:36 of 3rd period - Slapshot by Jan Hejda.
8:36 of 3rd period - Shot Blocked by Johnny Oduya.
8:38 of 3rd period - Wrist shot by Andrew Shaw.
8:38 of 3rd period - Stopped by Steve Mason with a rebound.
9:14 of 3rd period - Wrist shot by Ryan Callahan.
9:14 of 3rd period - Shot Blocked by Scott Gomez.
9:16 of 3rd period - Snap shot by Jordie Benn.
9:16 of 3rd period - Stopped by Steve Mason without a rebound.
9:17 of 3rd period - Martin Hanzal wins face-off versus Scott Gomez in Senators zone.
9:20 of 3rd period - Slapshot by Ryan Callahan.
9:20 of 3rd period - Shot Misses the Net.
10:01 of 3rd period - Minor Penalty to Cal Clutterbuck for High sticking.
10:02 of 3rd period - Nazem Kadri wins face-off versus Brooks Laich in Blackhawks zone.
10:08 of 3rd period - Slapshot by Phil Kessel.
10:08 of 3rd period - Stopped by Craig Anderson with a rebound.
10:10 of 3rd period - Slapshot by Scott Hartnell.
10:10 of 3rd period - Shot Misses the Net.
10:20 of 3rd period - Slapshot by Scott Hartnell.
10:20 of 3rd period - Deflect By Phil Kessel.
10:20 of 3rd period - Stopped by Craig Anderson with a rebound.
10:28 of 3rd period - Wrist shot by Phil Kessel.
10:28 of 3rd period - Goal by Phil Kessel - Senators : 8 - Blackhawks : 4.
10:29 of 3rd period - David Backes wins face-off versus Brad Richards in neutral zone.
10:42 of 3rd period - Wrist shot by Curtis Glencross.
10:42 of 3rd period - Stopped by Steve Mason with a rebound.
11:04 of 3rd period - Johnny Oduya is hit by Curtis Glencross and loses puck.
11:27 of 3rd period - Justin Schultz is hit by Ryan Callahan and loses puck.
11:46 of 3rd period - Slapshot by Ryan Callahan.
11:46 of 3rd period - Shot Blocked by Phil Kessel.
12:30 of 3rd period - Snap shot by Jeff Carter.
12:30 of 3rd period - Goal by Jeff Carter - Senators : 8 - Blackhawks : 5.
12:31 of 3rd period - Scott Gomez wins face-off versus David Backes in neutral zone.
13:29 of 3rd period - Ray Whitney is hit by Ryan Callahan and loses puck.
13:40 of 3rd period - Backhand shot by Cal Clutterbuck.
13:40 of 3rd period - Shot Blocked by Alex Petrovic.
13:42 of 3rd period - Snap shot by Dustin Byfuglien.
13:42 of 3rd period - Shot Misses the Net.
13:44 of 3rd period - Slapshot by Jan Hejda.
13:44 of 3rd period - Stopped by Steve Mason with a rebound.
14:30 of 3rd period - Slapshot by Jeff Carter.
14:30 of 3rd period - Stopped by Steve Mason with a rebound.
14:32 of 3rd period - Slapshot by Jordie Benn.
14:32 of 3rd period - Deflect By Connor Murphy.
14:32 of 3rd period - Stopped by Steve Mason with a rebound.
15:24 of 3rd period - Snap shot by Phil Kessel.
15:24 of 3rd period - Shot Blocked by Andrew Shaw.
15:26 of 3rd period - Snap shot by Fedor Tyutin.
15:26 of 3rd period - Deflect By Nazem Kadri.
15:26 of 3rd period - Goal by Nazem Kadri - Senators : 9 - Blackhawks : 5.
15:27 of 3rd period - Brad Richards wins face-off versus David Backes in neutral zone.
15:57 of 3rd period - Ray Whitney is hit by Jan Hejda.
16:05 of 3rd period - Justin Schultz is hit by Jan Hejda and loses puck.
16:35 of 3rd period - Phil Kessel is hit by Dustin Byfuglien.
17:15 of 3rd period - Slapshot by Brock Nelson.
17:15 of 3rd period - Stopped by Steve Mason without a rebound.
17:16 of 3rd period - Mike Santorelli wins face-off versus Scott Gomez in Senators zone.
17:21 of 3rd period - Snap shot by Mike Santorelli.
17:21 of 3rd period - Stopped by Steve Mason without a rebound.
17:22 of 3rd period - Kyle Chipchura wins face-off versus Mike Santorelli in Senators zone.
18:24 of 3rd period - Slapshot by David Backes.
18:24 of 3rd period - Shot Blocked by Kyle Okposo.
18:47 of 3rd period - Wrist shot by Curtis Glencross.
18:47 of 3rd period - Shot Misses the Net.
18:49 of 3rd period - Minor Penalty to Alex Petrovic for Charging.
18:50 of 3rd period - Martin Hanzal wins face-off versus Nazem Kadri in Senators zone.
19:43 of 3rd period - Zach Bogosian is hit by Dustin Byfuglien and loses puck.
Goals for this period are 2 for Senators vs 2 for Blackhawks.
Shots for this period are 9 for Senators vs 16 for Blackhawks.


Output by the SimonT Hockey Simulator (STHS) for Eric Dolegowski -- Original Page W3C XHTML 1.0 Valid
Hockey Simulator - Hockey Simulation - Hockey Manager